[Event "85th Tata Steel Masters 2023"]
[Site "Wijk aan Zee"]
[Date "2023.01.29"]
[Round "13.1"]
[White "Abdusattorov, Nodirbek"]
[Black "Van Foreest, Jorden"]
[Result "0-1"]
[ECO "B48"]
[WhiteElo "2713"]
[BlackElo "2681"]
[Annotator "TA"]
[PlyCount "98"]
[EventDate "2023.01.10"]
[EventType "tourn"]
[EventCountry "NED"]
[SourceTitle "playchess.com"]
[Source "ChessBase"]
[SourceQuality "1"]
[TimeControl "40/6000+30:30/3000+30:900+30"]

1. e4 c5 2. Nf3 e6 3. d4 cxd4 4. Nxd4 Nc6 5. Nc3 Qc7 6. Be3 a6 7. Qf3 {[%emt 0:02:14] B48: Sicilian: Taimanov: 5 Nc3 Qc7 6 Be3 a6 without Be2.} h5 8. O-O-O b5 {[%emt 0:00:59] [#]} 9. Qg3 $146 {[%emt 0:05:59] White is slightly better.} ({Predecessor:} 9. Nxc6 Qxc6 10. Bd3 Bb7 11. Rhe1 Be7 12. Bd4 b4 13. Nd5 exd5 14. Bxg7 Rh6 15. exd5 Qxd5 16. Qxd5 Bxd5 17. Bxh6 Nxh6 {1-0 Hakobyan,E (2279)-Kavutskiy,K (2406) Las Vegas National op 2022 (4)}) 9... Qxg3 10. hxg3 Bc5 11. g4 (11. Rd2 {simplifies} Nxd4 12. Bxd4 Bxd4 13. Rxd4 Ne7 14. a4) 11... Bb7 12. f3 g6 {[%emt 0:13:50] [#]} (12... h4 $5) 13. Nf5 $1 Bxe3+ 14. Nxe3 Ke7 15. Be2 d6 16. g5 f6 17. f4 fxg5 18. fxg5 Ne5 19. Rd4 Rd8 (19... Nc6 $11 20. Rd2 Ne5) 20. Rhd1 (20. a4 $14) 20... h4 21. Ng4 {[%emt 0:13:02] Nxe5 would be deadly.} (21. a4 $5 ) 21... Nc6 22. R4d2 Rh5 23. e5 d5 24. Ne4 Bc8 25. Ngf6 (25. Ngf2 $1 $11) 25... Rh8 $15 26. Nxg8+ {[%emt 0:00:23][%mdl 64] [#] Remove Defender} Rdxg8 27. Nf6 Rd8 28. Re1 ({Better is} 28. a4 $15) 28... h3 ({Black should play} 28... Nxe5 $17 29. Bg4 (29. Bxb5 h3 $17) 29... Nxg4 30. Nxg4 Rh5) 29. gxh3 $11 Rxh3 30. Bg4 (30. Bd3 $5 ) 30... Rh4 31. b3 Rdh8 32. Kb2 (32. c4 {with more complications.} dxc4 33. Bf3 c3 34. Rdd1) 32... Rh2 33. Ree2 Rxe2 34. Rxe2 a5 35. a3 Ba6 (35... b4 $5 ) 36. Re1 b4 $1 37. a4 Nd8 38. Be2 {[%emt 0:03:16] This costs White the game.} (38. Bf3 $17) 38... Bxe2 $19 39. Rxe2 {[%emt 0:00:00][%mdl 4096] Endgame KRN-KRN} Nf7 40. c3 (40. Re3 {was worth a try.}) 40... bxc3+ ({Not} 40... Nxg5 41. cxb4 axb4 42. Rc2 $17) 41. Kxc3 Nxg5 42. b4 Rh3+ {[%emt 0:00:00][%mdl 64] Deflection} 43. Kb2 axb4 44. Rc2 $2 (44. a5) 44... Nf3 {[%emt 0:00:00] Black is clearly winning.} 45. Ng4 Nd4 46. Rc8 Rb3+ 47. Ka2 Ra3+ 48. Kb2 Rxa4 49. Nf6 b3 {[%emt 0:00:00] Weighted Error Value: White=0.28 (precise) /Black=0.12 (very precise)} 0-1

[Event "85th Tata Steel Masters 2023"]
[Site "Wijk aan Zee"]
[Date "2023.01.29"]
[Round "13.2"]
[White "Giri, Anish"]
[Black "Rapport, Richard"]
[Result "1-0"]
[ECO "B60"]
[WhiteElo "2764"]
[BlackElo "2740"]
[Annotator "TA"]
[PlyCount "77"]
[EventDate "2023.01.10"]
[EventType "tourn"]
[EventCountry "NED"]
[SourceTitle "playchess.com"]
[Source "ChessBase"]
[SourceQuality "1"]
[TimeControl "40/6000+30:30/3000+30:900+30"]

1. e4 c5 2. Nf3 d6 3. d4 cxd4 4. Nxd4 Nf6 5. Nc3 Nc6 6. Bg5 g6 7. Bxf6 exf6 8. Bb5 {[%emt 0:00:25] B60: Sicilian: Richter-Rauzer: Unusual Black 6th moves and 6...Bd7 without 7 Qd2.} Bd7 9. Bc4 {[%emt 0:17:32] 9.Nde2 is the modern continuation.} Bg7 10. Nxc6 {[%emt 0:01:10] White is slightly better.} Bxc6 11. O-O O-O 12. Qd3 Rc8 {[%emt 0:12:51] [#]} 13. Nd5 $146 ({Predecessor:} 13. Bb3 f5 14. exf5 Bxc3 15. bxc3 Qg5 16. f3 Qxf5 17. Qxf5 gxf5 18. Rfe1 Rfe8 19. Kf2 {½-½ Motylev,A (2677)-Potkin,V (2684) Tata Steel-B 74th 2012 (2)}) 13... Re8 14. c3 Bd7 15. Bb5 Bc6 16. Bc4 Bd7 $1 17. Rfe1 f5 18. Bb3 fxe4 19. Rxe4 Bf5 20. Rxe8+ Qxe8 21. Qd2 Be6 22. Rd1 Qd7 23. h3 b5 24. Qf4 Rc5 25. Ne3 Be5 26. Qe4 Kg7 (26... Qe7 $14) 27. f4 {[%emt 0:02:12] White is much more active.} Bf6 28. g4 {[%emt 0:00:07] Bxe6 would be deadly.} h6 29. Bd5 Bxd5 30. Nxd5 Rc4 31. Qf3 Qe6 32. f5 gxf5 33. Nf4 Qe5 34. Nh5+ Kg6 $2 {[%emt 0:00:41][%mdl 8192] [#] Black cannot hold the game after this.} (34... Kg8 $11) 35. Rxd6 $3 $18 {[%emt 0:04:09][%mdl 576] Deflection} Kg5 (35... fxg4 36. hxg4) 36. Rd5 {[%emt 0:01:58][%mdl 64] Skewer} ({Not} 36. Rxf6 Qe1+ 37. Kg2 Qd2+ 38. Kh1 (38. Kg3 Qe1+ 39. Kg2 Qd2+ 40. Kg3 Qe1+ 41. Qf2 Qxf2+ 42. Kxf2 fxg4 $16) 38... Qc1+ 39. Kg2 Qd2+ 40. Qf2 (40. Kg3 Qe1+ 41. Qf2 Qxf2+ 42. Kxf2 fxg4 $16) 40... Qxf2+ 41. Kxf2 fxg4 $16) 36... Qe1+ 37. Kg2 Be7 38. Rxf5+ (38. Qxf5+ $142 Kh4 39. Qf3 (39. Rxb5 Bg5 $16) 39... Rc5 40. g5 (40. Qxf7 $2 {loses.} Qe4+ 41. Qf3 Qxf3+ 42. Kxf3 Rxd5 $19) 40... Qe6 41. Nf4 Qxd5 42. Nxd5 {[%mdl 64] Discovered Attack} Rc4 43. Nxe7) 38... Kh4 39. Qg3+ $2 {[%emt 0:03:33] Artfully played by Giri.   Weighted Error Value: White=0.24 (precise) /Black=0.43} (39. Ng3 {mates} Bg5 40. Rd5 Rf4 41. Nf5+ Rxf5 42. gxf5 Qg1+ {[%mdl 64] Decoy} 43. Kxg1 Be3+ 44. Qxe3 Kh5 45. Qf4 f6 46. Qg4#) 1-0

[Event "85th Tata Steel Masters 2023"]
[Site "Wijk aan Zee"]
[Date "2023.01.29"]
[Round "13.3"]
[White "Erigaisi Arjun"]
[Black "Carlsen, Magnus"]
[Result "0-1"]
[ECO "A50"]
[WhiteElo "2722"]
[BlackElo "2859"]
[Annotator "TA"]
[PlyCount "112"]
[EventDate "2023.01.10"]
[EventType "tourn"]
[EventCountry "NED"]
[SourceTitle "playchess.com"]
[Source "ChessBase"]
[SourceQuality "1"]
[TimeControl "40/6000+30:30/3000+30:900+30"]

1. Nf3 Nf6 2. g3 b6 3. Bg2 Bb7 4. O-O g6 5. c4 Bg7 6. d4 O-O 7. d5 Na6 {[%emt 0:00:34] A50: Queen's Fianchetto Defence (1 d4 Nf6 2 c4 b6).} 8. Nc3 Nc5 9. Nd4 e5 {[%emt 0:08:25] White has an edge.} 10. Nc2 a5 11. b3 d6 12. e4 Bc8 {[%emt 0:00:25] [#]} 13. Na3 $146 ({Predecessor:} 13. Rb1 Bd7 14. a3 a4 15. b4 Nb3 16. Bb2 h5 17. h4 Ng4 18. f3 Nh6 19. Qd3 {0-1 Vidit,S (2707)-Rapport,R (2736) Hengshui IMSA blitz 2019 (1)}) 13... Ne8 14. Nab5 Bd7 15. Rb1 f5 16. f3 f4 17. a3 g5 18. b4 Nb7 19. g4 h5 20. h3 Rf7 21. Kf2 (21. gxh5 Nf6 $15) 21... Bf8 22. Rg1 Rh7 23. Bf1 Nf6 24. Ke1 Qc8 25. Rb2 Nd8 26. Qd3 (26. Rgg2 $11) 26... Nf7 (26... axb4 $17 27. axb4 hxg4 28. hxg4 c6 29. dxc6 Nxc6) 27. Kd1 $11 Be7 28. Kc2 axb4 (28... Nh8 {simplifies} 29. Kb1 Ng6 30. Qd1 Kg7) 29. axb4 hxg4 30. hxg4 Ra1 (30... c5 $5 31. dxc6 Bxc6 $11) 31. Rb1 Rh2+ 32. Rg2 ({Better is} 32. Be2 $14 Rxb1 33. Kxb1) 32... Rxg2+ $1 33. Bxg2 Rxb1 34. Kxb1 Nxg4 35. fxg4 Bxg4 36. Bf3 Bh3 37. Bh5 g4 38. Ne2 $1 Bf1 39. Qd1 Bg2 40. Bg6 Ng5 $1 41. Nbc3 Bf3 42. Qf1 (42. Qd3 $11 {keeps the balance.}) 42... Kg7 $17 43. Bf5 {[%emt 0:00:11] [#]} Qh8 {[%emt 0:00:21] ...g3 would be deadly.} 44. Nxf4 exf4 $19 45. Bxf4 Bf6 46. Qc1 Nf7 47. Nb5 Qa8 {[%emt 0:09:29] ( -> ...Qa1+)} 48. e5 (48. Nxc7 Qa1+ 49. Kc2 Qc3+ 50. Kb1 Qb3+) 48... dxe5 49. Bd2 Nd6 50. Bh6+ $2 {[%emt 0:09:29] [#]} (50. Nxc7 Qa4 51. Bc2 (51. Ne6+ $2 Kf7 $19)) 50... Kf7 $1 51. Nxd6+ (51. Nxc7 $2 {too greedy.} Qa4 52. Bc2 Qxb4+ 53. Qb2 Qxc4 $19) (51. Be6+ Kg6 52. Nxd6 (52. Nxc7 $2 Qa4 $19) 52... cxd6 $19) 51... cxd6 52. Bg5 {[%emt 0:00:05] Be6+ is the strong threat.} Qh8 ({Wrong is} 52... Qa4 $2 53. Be6+ Ke8 54. Bxf6 $17) 53. Be3 e4 {[%emt 0:10:51] And now ...Qa8 would win.} 54. Bxb6 ({Weaker is} 54. Be6+ Kg6 55. Ka2 Qh2+ 56. Ka3 b5 57. cxb5 Qe2 $19) (54. Qa3 $142 Qh1+ 55. Qc1) 54... Qh2 55. Bg1 Qe2 56. b5 Qd3+ {[%emt 0:00:40] Weighted Error Value: White=0.42/Black=0.06 (flawless)} 0-1

[Event "85th Tata Steel Masters 2023"]
[Site "Wijk aan Zee"]
[Date "2023.01.29"]
[Round "13.4"]
[White "Praggnanandhaa R"]
[Black "So, Wesley"]
[Result "1/2-1/2"]
[ECO "D41"]
[WhiteElo "2684"]
[BlackElo "2760"]
[Annotator "TA"]
[PlyCount "103"]
[EventDate "2023.01.10"]
[EventType "tourn"]
[EventCountry "NED"]
[SourceTitle "playchess.com"]
[Source "ChessBase"]
[SourceQuality "1"]
[TimeControl "40/6000+30:30/3000+30:900+30"]

1. d4 Nf6 2. c4 e6 3. Nf3 d5 4. Nc3 c5 5. cxd5 cxd4 6. Qa4+ Bd7 7. Qxd4 exd5 8. Nxd5 {[%emt 0:00:16] [#] Qe5+ is the strong threat. D41: Queen's Gambit Declined: Semi-Tarrasch with 5 cxd5.} Qa5+ 9. Nc3 Nc6 {[%emt 0:00:04] Prevents Qe5+} 10. Qd1 Ne4 11. Bd2 Nxd2 12. Nxd2 Bb4 {[%emt 0:03:11] [#]} 13. Rc1 $146 ({Predecessor:} 13. Qc1 Rc8 14. a3 Bxc3 15. Qxc3 Qxc3 16. bxc3 Na5 17. Rc1 Be6 18. e3 Ke7 19. Bd3 {½-½ Pecorelli Garcia,H (2430)-Delgado Ramirez,N (2417) CUB-ch Santa Clara 1999}) 13... Bxc3 14. Rxc3 Qxa2 15. Nc4 Be6 16. e4 {[%emt 0:01:17] Black must now prevent Ra3.} Rd8 17. Nd6+ $1 Kf8 $1 {[%emt 0:05:06] [#]} 18. Qc1 Qa4 $1 ({Don't do} 18... Rxd6 19. Ra3 $16) 19. Nxb7 Qxe4+ 20. Qe3 Qxe3+ 21. fxe3 Rb8 22. Nc5 {[%emt 0:00:21] And now Nxe6+ would win.} Nd8 (22... Bc8 $5 ) 23. Bd3 g6 24. O-O Rxb2 25. Ra3 Kg7 26. Nxe6+ Nxe6 27. Rxa7 Rf8 28. Bc4 Rb6 29. Bd5 g5 30. Re7 Rd6 31. Rf5 (31. Bxe6 {simplifies} Rxe6 32. Rfxf7+ Rxf7 33. Rxe6 g4 34. Re4) 31... h6 (31... Kg6 $5 32. Be4 (32. e4 Nd8 $14) 32... Kg7 $14) 32. g4 (32. Bxe6 {simplifies} Rxe6 33. Rfxf7+ Rxf7 34. Rxe6 h5 35. h3) 32... Nc5 (32... Nd8 $11) 33. Rexf7+ Rxf7 34. Rxf7+ $14 {[%emt 0:00:20][%mdl 4096] Endgame KRB-KRN} Kg6 35. Rf5 Nd7 36. Bf7+ Kg7 37. Bc4 Nf6 38. h3 Rc6 39. Bb5 Re6 40. Rf3 h5 41. gxh5 Nxh5 42. Bd7 Rf6 43. Bf5 Nf4 44. e4 Ne2+ {[%emt 0:00:00] The position is equal.} 45. Kg2 Nd4 46. Rf2 Nxf5 47. exf5 $11 {[%emt 0:00:00] KR-KR} Ra6 48. f6+ Rxf6 49. Rxf6 Kxf6 50. Kg3 Kf5 51. h4 gxh4+ 52. Kxh4 {[%emt 0:00:00] Weighted Error Value: White=0.05 (flawless) /Black=0.04 (flawless)} 1/2-1/2

[Event "85th Tata Steel Masters 2023"]
[Site "Wijk aan Zee"]
[Date "2023.01.29"]
[Round "13.5"]
[White "Aronian, Levon"]
[Black "Maghsoodloo, Parham"]
[Result "0-1"]
[ECO "B92"]
[WhiteElo "2735"]
[BlackElo "2719"]
[Annotator "TA"]
[PlyCount "118"]
[EventDate "2023.01.10"]
[EventType "tourn"]
[EventCountry "NED"]
[SourceTitle "playchess.com"]
[Source "ChessBase"]
[SourceQuality "1"]
[TimeControl "40/6000+30:30/3000+30:900+30"]

1. e4 c5 2. Nf3 d6 3. d4 cxd4 4. Nxd4 Nf6 5. Nc3 a6 6. Be2 e5 7. Nb3 Be7 8. Be3 Be6 9. O-O Nbd7 10. a4 Rc8 11. a5 O-O (11... Rxc3 $5 12. bxc3 Nxe4 $11) 12. Bf3 {[%emt 0:00:51] [#] B92: Sicilian Najdorf: 6 Be2.} Ne8 $1 $146 {[%emt 0:05:38][%mdl 8] A top novelty.} ({Predecessor:} 12... Rc4 13. Nd2 Rb4 14. Qc1 Qc7 15. Nd5 Bxd5 16. exd5 Rb5 17. b4 e4 18. c4 Rxb4 19. Bd1 {½-½ Santos Ruiz,M (2581)-Korobov,A (2671) ESP-chT CECLUB Honor 2022 (3.1)}) 13. Qd2 h6 14. h3 {[%emt 0:00:07] White has an edge.} Nef6 15. Rfd1 Re8 16. Qe1 Rc6 17. Nd2 Nf8 18. Nf1 Ng6 19. Ng3 (19. Bb6 $5 Qd7 20. Ne3 $11) 19... Qc8 20. Rd2 Nh4 21. Be2 Rxc3 22. bxc3 d5 $1 23. f3 Qxc3 24. Bf2 d4 25. Rdd1 Qc7 (25... Qxc2 $2 26. Rdc1 Qb3 27. Rcb1 $18) 26. c3 dxc3 (26... Qxc3 27. Qxc3 dxc3 28. Rdb1 $16) 27. Bb6 Qc6 28. Rdc1 Rc8 $1 29. Bd1 Nd7 {[%emt 0:04:42] Black is much more active.} 30. Ba4 Qc4 {[%emt 0:00:25] [#] aiming for ...Nxb6.} 31. Bf2 Bb4 (31... Bg5 $5 32. Be3 Ng6 33. Bxg5 hxg5 $15) 32. Nf1 Ng6 (32... c2 33. Qe3 $16) 33. Ne3 Qc7 34. Bxd7 Qxd7 (34... Bxd7 $6 35. Nd5 Qd6 36. Nb6 $11 (36. Nxc3 $2 Nf4 $19)) 35. Rcb1 Bf8 {[%emt 0:03:45] This pair of bishops is nice.} 36. g3 {[%emt 0:01:02] Repels Nf4} c2 $36 {[%emt 0:04:15][%mdl 2048] White is under strong pressure.} (36... Bxh3 $6 37. Rc1 $15) (36... Bc5 {simplifies} 37. Qxc3 Bd4 38. Qd2 Bxa1 39. Qxd7 Bxd7 40. Rxa1 Bxh3 41. Rb1 Rc5) 37. Rc1 (37. Rb2 $17 {only move.}) 37... Bb3 $19 (37... Bxh3 38. Rxc2 Rxc2 39. Nxc2 $11) 38. Qe2 (38. h4 $142) 38... Rc6 (38... Qxh3 $19 {And now ...Rc6 would win.} 39. Qf1 Qxf1+ 40. Kxf1 h5) 39. Kg2 (39. Kh2 $17) 39... Bb4 {[%emt 0:10:47] White must now prevent ...Bc3.} 40. Rxc2 (40. Nxc2 $2 {perishes.} Bd2) 40... Bxc2 41. Nxc2 Bc5 {[%emt 0:52:42][%cal Oc6d6] ...Rd6! is the strong threat.} 42. Rb1 $2 {[%emt 0:04:57][%mdl 8192] Loses the game.} (42. Ne3 $17) 42... Bxf2 43. Qxf2 Rd6 {[%emt 0:00:05] Threatens to win with ...Rd2.} 44. Re1 Qd8 ({Don't blunder} 44... Rd2 $2 45. Re2 Rxe2 46. Qxe2 $19) 45. Ne3 Rd2 ({Not} 45... Qxa5 46. Nc4 Qd8 47. Nxd6 Qxd6 48. Re2 $14) 46. Re2 Rxe2 47. Qxe2 Qxa5 {[%emt 0:00:00][%mdl 4096] Endgame KQN-KQN} 48. Nd5 Qa3 49. Qd2 (49. Qf2 $142) 49... Ne7 50. Ne3 Nc6 51. Nf5 {[%emt 0:00:00] [#]} Nd4 $1 {[%emt 0:00:00][%mdl 64] Deflection} 52. Nxd4 exd4 53. Qxd4 {[%emt 0:00:00] KQ-KQ} Qa2+ 54. Kg1 $2 (54. Kf1 a5 55. Ke1) 54... a5 {[%emt 0:00:00][%cal Ba6a5,Ba5a4,Ba4a3,Ba3a2][%mdl 32] Hoping for ...a4.} 55. h4 a4 56. h5 Qb1+ 57. Kg2 {[%emt 0:00:00] Black is clearly winning.} Qc2+ 58. Kh3 a3 59. g4 a2 {[%emt 0:00:00] Weighted Error Value: White=0.48/Black=0.15 (very precise)} 0-1

[Event "85th Tata Steel Masters 2023"]
[Site "Wijk aan Zee"]
[Date "2023.01.29"]
[Round "13.6"]
[White "Ding, Liren"]
[Black "Caruana, Fabiano"]
[Result "1/2-1/2"]
[ECO "C78"]
[WhiteElo "2811"]
[BlackElo "2766"]
[Annotator "TA"]
[PlyCount "37"]
[EventDate "2023.01.10"]
[EventType "tourn"]
[EventCountry "NED"]
[SourceTitle "playchess.com"]
[Source "ChessBase"]
[SourceQuality "1"]
[TimeControl "40/6000+30:30/3000+30:900+30"]

1. e4 e5 2. Nf3 Nc6 3. Bb5 a6 4. Ba4 Nf6 5. O-O b5 6. Bb3 Bc5 7. c3 d6 8. d4 Bb6 9. Be3 O-O 10. Nbd2 h6 11. h3 Re8 12. Re1 {[%emt 0:01:25] C78: Ruy Lopez: Archangelsk and Möller Defences.} Rb8 13. Bc2 Bb7 14. a3 exd4 $5 {[%emt 0:01:53][%mdl 4] An interesting side line.} 15. cxd4 Ne7 16. Nh4 {[%emt 0:07:28] [#] The position is equal.} Nc6 $146 ({Predecessor:} 16... c5 17. dxc5 dxc5 18. e5 Nfd5 19. Bxh6 gxh6 20. Qh5 Kg7 21. e6 Rf8 22. Nf5+ Nxf5 23. Qxf5 Nf6 24. Re3 Rg8 25. Rg3+ Kf8 26. Rxg8+ Kxg8 27. exf7+ {0-1 Kulaots,K (2513)-Prraneeth,V (2427) Rilton Cup 50th 2022 (7)}) 17. Nhf3 Ne7 18. Nh4 Nc6 19. Nhf3 {[%emt 0:00:09] An uneventful encounter.   Weighted Error Value: White=0.00 (flawless) /Black=0.04 (flawless)} 1/2-1/2

[Event "85th Tata Steel Masters 2023"]
[Site "Wijk aan Zee"]
[Date "2023.01.29"]
[Round "13.7"]
[White "Keymer, Vincent"]
[Black "Gukesh D"]
[Result "1/2-1/2"]
[ECO "E51"]
[WhiteElo "2696"]
[BlackElo "2725"]
[Annotator "TA"]
[PlyCount "62"]
[EventDate "2023.01.10"]
[EventType "tourn"]
[EventCountry "NED"]
[SourceTitle "playchess.com"]
[Source "ChessBase"]
[SourceQuality "1"]
[TimeControl "40/6000+30:30/3000+30:900+30"]

1. d4 Nf6 2. c4 e6 3. Nf3 d5 4. Nc3 Bb4 5. e3 O-O 6. Bd2 b6 7. cxd5 exd5 8. Bd3 {[%emt 0:00:05] E51: Nimzo-Indian: Rubinstein: 4...0-0 5 Nf3 d5.} Re8 9. O-O Bd6 10. Re1 {[%emt 0:00:11] [#]} Bg4 $146 (10... Ba6 $11 11. Bc2 Bb7) ({Predecessor:} 10... Bb7 11. Qc2 Na6 12. a3 c5 13. Rad1 c4 14. Bf5 Ne4 15. Bc1 Qe7 16. Bxe4 dxe4 {0-1 Loik,G (2002)-Lukyanenko,V (2195) UKR VC email 2017}) 11. h3 Bh5 12. e4 dxe4 13. Nxe4 Nbd7 14. Bg5 Qc8 15. Bxf6 (15. Qb3 $16) 15... Nxf6 $11 16. Nxf6+ gxf6 17. Be4 Rb8 18. Qd3 Bg6 {[%emt 0:00:13] The position is equal.} 19. Nh4 Qe6 {[%emt 0:03:46][%cal Rg6e4] Inhibits g4.} 20. Nxg6 hxg6 21. Qc3 $132 {[%emt 0:03:33][%mdl 2048] [#] And now Bc6 would win. White is not holding back} Qd7 22. Qc4 Kg7 23. Bc6 Rxe1+ 24. Rxe1 Qf5 25. g3 ({Not} 25. Be8 $2 Rxe8 26. Qc3 (26. Rxe8 $2 {too greedy.} Qb1+ 27. Qf1 Bh2+ {[%mdl 64] Deflection} 28. Kxh2 Qxf1 $19) 26... Rxe1+ 27. Qxe1 Qf4 $19) 25... Rh8 ({But not} 25... Qxh3 26. Be8 Rxe8 27. Rxe8 $16) 26. h4 Qg4 27. Re4 Qh3 28. Qf1 Qc8 29. Qe2 f5 30. Re8 Rxe8 31. Qxe8 Qxe8 {[%emt 0:00:05] Weighted Error Value: White=0.09 (flawless) /Black=0.08 (flawless)} 1/2-1/2